 Dungeon Crawl Stone Soup version 0.18.1-8-gdd0e5ea (webtiles) character file.

179 Neebert the Magician (level 5, -8/28 HPs)
             Began as a Deep Elf Summoner on May 25, 2016.
             Killed by divine providence
             ... invoked by an orc priest
              (15 damage)
             ... on level 6 of the Dungeon.
             The game lasted 00:24:43 (2575 turns).

Neebert the Magician (Deep Elf Summoner)            Turns: 2575, Time: 00:24:44

Health: -8/28      AC:  2    Str:  5    XL:     5   Next: 33%
Magic:  3/15       EV:  8    Int: 21    God:
Gold:   187        SH:  0    Dex: 15    Spells: 2 memorised, 11 levels left

rFire  . . .     SeeInvis .     (no weapon)
rCold  . . .     Gourm    +     a - +0 robe
rNeg   . . .     Faith    .     (no shield)
rPois  .         Spirit   .     (no helmet)
rElec  .         Dismiss  .     (no cloak)
rCorr  .         Reflect  .     (no gloves)
SustAt +         Harm     .     (no boots)
MR     .....                    x - amulet of the gourmand
Stlth  ++........               (no ring)
                                v - ring of sustain attributes

@: not resistant to hostile enchantments, unstealthy
A: no striking features
a: no special abilities


You were on level 6 of the Dungeon.
You were very hungry.

You visited 1 branch of the dungeon, and saw 4 of its levels.

You collected 187 gold pieces.

Inventory:

Missiles
 k - 2 throwing nets (quivered)
Armour
 a - a +0 robe (worn)
 y - a cursed -1 buckler
Jewellery
 v - a ring of sustain attributes (left hand)
 x - an amulet of the gourmand (around neck)
Scrolls
 d - 3 scrolls of identify {unknown}
 f - a scroll of recharging {unknown}
 g - a scroll of random uselessness {unknown}
 h - a scroll of remove curse {unknown}
 i - a scroll of enchant armour {unknown}
 l - a scroll of fear {unknown}
 m - a scroll of amnesia {unknown}
 p - 2 scrolls of fog {unknown}
 q - a scroll of enchant weapon {unknown}
 w - a scroll of teleportation {unknown}
Potions
 e - a potion of magic {unknown}
 j - 2 potions of ambrosia {unknown}
 n - a potion of might {unknown}
 o - a potion of flight {unknown}
 r - a potion of degeneration {unknown}
 t - a potion of resistance {unknown}
 u - a potion of brilliance {unknown}
Books
 b - a book of Callings

   Spells                             Type                      Level
   a - Summon Small Mammal            Summoning                    1
   b - Call Imp                       Summoning                    2
   c - Call Canine Familiar           Summoning                    3
   d - Summon Guardian Golem          Hexes/Summoning              3
   e - Summon Lightning Spire         Summoning/Air                4
   f - Summon Ice Beast               Ice/Summoning                4
 s - a book of Burglary

   Spells                             Type                      Level
   a - Swiftness                      Charms/Air                   2
   b - Passwall                       Transmutation/Earth          2
   c - Passage of Golubria            Translocation                4
   d - Lee's Rapid Deconstruction     Earth                        5
   e - Darkness                       Hexes                        6
   f - Invisibility                   Hexes                        6
Comestibles
 c - 3 bread rations


   Skills:
 + Level 2.5 Dodging
 - Level 2.5 Stealth
 + Level 5.9 Spellcasting
 + Level 5.8 Summonings


You had 11 spell levels left.
You knew the following spells:

 Your Spells              Type           Power        Failure   Level  Hunger
a - Summon Small Mammal   Summ           ####         1%          1    None
b - Call Canine Familiar  Summ           ####....     2%          3    ##.....


Dungeon Overview and Level Annotations

Branches:
Dungeon (3/15)

Altars:


Message History

Your quokka disappears in a puff of smoke!
Your quokka bites the orc.
The orc barely misses your quokka.
Your quokka bites the orc.
Your quokka bites the orc priest but does no damage.
The orc misses your quokka.
Your quokka bites the orc.
The orc dies!
Your quokka bites the orc priest but does no damage.
Your hound bites the orc priest but does no damage.
Your quokka barely misses the orc priest.
Your quokka bites the orc priest but does no damage.
Your hound bites the orc priest.
Your quokka barely misses the orc priest.
There is a stone staircase leading down here.
Welcome back, Neebert the Deep Elf Summoner.
Press ? for a list of commands and other information.
The orc priest mumbles some strange prayers to Beogh against you.
Beogh smites you!
Ouch! That really hurt!
You die...

#....oho# #...............#
#....rrr# #...............#
#.......# #...............#
#.......# #...............#
#.......#+###+#...............#
#######.).........#+####......#
#....'..........>+....'......###
#....#...rrh.....#....#.........
#....#...ro....@.#....#.........
#...##...........#...##.........
#...###'####.....############...
#....#.....#.....# #......#...
#....#.....#.....# #......#...
#....#.....#.....# #......#)..
#.....#.....# #......'...
#.....#.....# ##.....#...
+.....#.....# ##.....#...


You could see an orc priest, a friendly hound and 3 friendly quokkas.

Vanquished Creatures
  A kobold (D:1)
1 creature vanquished.

Vanquished Creatures (collateral kills)
  An ice beast (D:6)
  A sky beast (D:6)
  A giant frog (D:6)
  An orc wizard (D:6)
  An adder (D:2)
  An ooze (D:1)
  A worm (D:2)
  A dart slug (D:1)
  A giant gecko (D:6)
  3 orcs (D:6)
  5 giant cockroaches
  7 goblins
  5 hobgoblins
  3 jackals (D:1)
  A ball python (D:2)
  5 bats
  6 giant newts
  4 kobolds
  4 rats
  4 butterflies (D:1)
56 creatures vanquished.

Grand Total: 57 creatures vanquished

Notes
Turn   | Place    | Note
--------------------------------------------------------------
     0 | D:1      | Neebert the Deep Elf Summoner began the quest for the Orb.
     0 | D:1      | Reached XP level 1. HP: 10/10 MP: 6/6
   433 | D:1      | Reached XP level 2. HP: 10/15 MP: 2/8
  1390 | D:2      | Reached skill level 5 in Summonings
  1390 | D:2      | Reached XP level 3. HP: 10/19 MP: 4/10
  1454 | D:2      | Learned a level 3 spell: Call Canine Familiar
  1993 | D:3      | You fall through a shaft for 3 floors!
  2194 | D:6      | Noticed a giant frog
  2202 | D:6      | Killed a giant frog
  2202 | D:6      | Reached XP level 4. HP: 15/24 MP: 5/12
  2348 | D:6      | Noticed an ice beast
  2361 | D:6      | Killed an ice beast
  2361 | D:6      | Reached skill level 5 in Spellcasting
  2541 | D:6      | Noticed a sky beast
  2556 | D:6      | Killed a sky beast
  2556 | D:6      | Reached XP level 5. HP: 17/28 MP: 2/15
  2575 | D:6      | Killed from afar by an orc priest

Skill      XL: |  1  2  3  4 |
---------------+-------------+-----
Spellcasting   | 4 5 |  5.9
Summonings     | 5 |  5.8
Dodging        | |  2.5
Stealth        | |  2.5

Action                   |  1- 3 |  4- 6 || total
-------------------------+-------+-------++-------
Melee: Unarmed           |    19 |       ||    19
 Cast: Summon Small Mamm |   108 |    12 ||   120
       Call Canine Famil |    12 |     3 ||    15
  Eat: Chunk             |     3 |       ||     3
       Beef jerky        |     1 |       ||     1
Armor: Robe              |     7 |       ||     7
Dodge: Dodged            |    31 |       ||    31
